 Seeded DCSS version 0.31-a0-325-g067879e3d3 (webtiles) character file.

Game seed: 14215367866634240820 (custom seed)

108 innerfire43 the Chopper (level 4, -3/35 HPs)
             Began as a Demonspawn Monk on July 18, 2023.
             Killed by divine providence
             ... invoked by an orc priest
              (12 damage)
             ... on level 3 of the Dungeon.
             The game lasted 00:01:45 (1653 turns).

innerfire43 the Chopper (Demonspawn Monk)           Turns: 1653, Time: 00:01:46

Health: -3/35      AC:  5    Str: 14    XL:     4   Next: 58%
Magic:  4/4        EV: 13    Int: 11    God:
Gold:   94         SH:  0    Dex: 15    Spells: 3/3 levels left

rFire   . . .        m - +0 war axe
rCold   . . .        d - orb {light}
rNeg    . . .        b - +0 robe
rPois   .            j - +2 helmet
rElec   .            (no cloak)
rCorr   .            (no gloves)
SInv    .            (no boots)
Will    .....        (no amulet)
Stlth   +            (no ring)
HPRegen 0.25/turn    (no ring)
MPRegen 0.09/turn

%: no passive effects
@: glowing
A: demonic guardian 2
a: no special abilities


You were on level 3 of the Dungeon.
You visited 1 branch of the dungeon, and saw 3 of its levels.

You collected 94 gold pieces.

Inventory:

Hand Weapons
 a - a +0 hand axe
 m - a +0 war axe (weapon)
Missiles
 h - 5 silver javelins (quivered)
Armour
 b - a +0 robe (worn)
 d - an orb of light (worn)
 j - a +2 helmet (worn)
Scrolls
 e - a scroll of enchant weapon {unknown}
 f - a scroll of fog {unknown}
 i - a scroll of amnesia {unknown}
 k - a scroll of enchant armour {unknown}
 l - a scroll of poison {unknown}
Potions
 c - a potion of ambrosia
 g - a potion of curing {unknown}
 n - a potion of berserk rage {unknown}


   Skills:
 - Level 3.0 Fighting
 * Level 4.3 Axes
 - Level 3.5 Dodging


You had 3 spell levels left.
You didn't know any spells.
Your spell library contained the following spells:

 Spells                   Type           Power      Damage    Failure   Level
 Sandblast                Erth           0%         2d4       34%         1
 Passwall                 Tmut/Erth      0%         N/A       47%         2
 Stone Arrow              Conj/Erth      0%         3d7       71%         3


Dungeon Overview and Level Annotations

Branches:
Dungeon (3/15)

Altars:


Innate Abilities, Weirdness & Mutations

A demonic guardian rushes to your aid.


Message History

The orc closely misses you.
The orc priest calls down the wrath of Beogh upon you.
Pain shoots through your body!
A demonic guardian appears!
The orc hits you with a +0 mace. The orc closely misses you.
The orc priest hits you but does no damage.
You are too injured to fight recklessly!
You hit the orc.
The orc is heavily wounded.
You hit the orc priest. You hit the orc but do no damage.
The orc hits you with a +0 mace. The orc hits you with a +0 war axe.
* * * LOW HITPOINT WARNING * * *
The orc priest hits you with a +0 dagger.
* * * LOW HITPOINT WARNING * * *
Unknown command.
You are confused.
You feel invigorated. The orc barely misses you.
The orc priest barely misses you. The orc hits you with a +0 war axe!
* * * LOW HITPOINT WARNING * * *
You hit the orc priest but do no damage.
The orc priest is heavily wounded.
You hit the orc. x2; The orc closely misses you.
The orc priest barely misses you. The orc hits you with a +0 war axe.
* * * LOW HITPOINT WARNING * * *
Unknown command.
You're too confused to move!
You feel less invigorated.
You feel less confused. The orc hits you with a +0 mace.
* * * LOW HITPOINT WARNING * * *
The orc priest hits you with a +0 dagger.
* * * LOW HITPOINT WARNING * * *
The orc hits you but does no damage.
Your rust devil barely misses the orc priest.
You barely miss the orc priest.
The orc priest is heavily wounded.
You hit the orc but do no damage. You hit the orc.
You kill the orc!
The orc barely misses you.
The orc priest mumbles some strange prayers to Beogh against you.
Beogh smites you!
You die...

#. #.
###############.
#.............'.
#.#####...#####.
#.# #...# #.
###.# ##### #.
##...# ## #4@###
......o)o#
.....>...+
.........#
.........#
.........#
.........#
.........#


You could see an orc priest (ally target), an orc and a friendly rust devil
(summoned).

Vanquished Creatures
  3 gnolls (D:2)
  2 worms
  2 dart slugs
  2 orcs (D:3)
  4 ball pythons
  6 endoplasms
  A giant cockroach (D:1)
  6 goblins
  3 hobgoblins
  5 jackals (D:1)
  2 kobolds (D:1)
  3 quokkas (D:1)
  5 bats
  4 frilled lizards
  3 rats
51 creatures vanquished.

Vanquished Creatures (collateral kills)
  A gnoll (D:2)
  A goblin (D:2)
  A jackal (D:1)
  A quokka (D:1)
4 creatures vanquished.

Grand Total: 55 creatures vanquished

Notes
Turn   | Place    | Note
-------+----------+-------------------------------------------
     0 | D:1      | innerfire43 the Demonspawn Monk began the quest for the
                  | Orb.
     0 | D:1      | Reached XP level 1. HP: 18/18 MP: 1/1
    47 | D:1      | Reached skill level 3 in Axes
    48 | D:1      | Gained mutation: A weak demonic guardian rushes to your
                  | aid. [demonic ancestry]
    48 | D:1      | Reached XP level 2. HP: 20/24 MP: 2/2
   442 | D:1      | Reached XP level 3. HP: 21/29 MP: 3/3
  1116 | D:2      | Reached skill level 4 in Axes
  1116 | D:2      | Gained mutation: A demonic guardian rushes to your aid.
                  | [demonic ancestry]
  1116 | D:2      | Reached XP level 4. HP: 30/35 MP: 4/4
  1650 | D:3      | HP: 1/35 [orc/+0 war axe (7)]
  1653 | D:3      | Killed from afar by an orc priest

Illustrated notes

Levels and vault maps discovered:
D:1:      dpeg_arrival_castle, layout_basic, serial_forest,
          infiniplex_forest_straight_2, infiniplex_forest_straight_3,
          infiniplex_forest_clump_double, infiniplex_forest_lined_1,
          infiniplex_forest_clump_small, infiniplex_forest_straight_2,
          infiniplex_forest_lined_3_way
D:2:      layout_rooms
D:3:      layout_basic, general_overflow_altar, uniq_terence

Skill      XL: |  1  2  3 |
---------------+----------+-----
Axes           | 3 4 |  4.3
Dodging        | 3 |  3.5
Fighting       | |  3.0

Action                     |  1- 3 |  4- 6 || total
---------------------------+-------+-------++-------
  Melee: Hand axe          |    81 |    33 ||   114
         War axe           |       |     6 ||     6
  Throw: Javelin           |     2 |       ||     2
    Use: Potion            |       |     1 ||     1
 Armour: Robe              |    13 |     9 ||    22
  Dodge: Dodged            |    63 |    29 ||    92

Table legend: (Time is in decaauts)
 A = Elapsed time spent in this place.
 B = Non-inter-level travel time spent in this place.
 C = Inter-level travel time spent in this place.
 D = Time resting spent in this place.
 E = Time spent auto-exploring this place.
 F = Levels seen in this place.
 G = Mean time per level.
                   A        B        C        D        E       F      G
               +--------+--------+--------+--------+--------+-----+--------+
         Total |   1672 |   1645 |     27 |      0 |   1342 |   3 |  557.3 |
       Dungeon |   1672 |   1645 |     27 |      0 |   1342 |   3 |  557.3 |
               +--------+--------+--------+--------+--------+-----+--------+

Top non-repeatable levels by time:
     D:1: 1005 daAuts
     D:2: 515 daAuts
     D:3: 151 daAuts
